 Dungeon Crawl Stone Soup version 0.30-a0-728-gc68057be0a (webtiles) character file.

Game seed: 404117548030450967

555 Crownlay the Chiller (level 7, -2/51 HPs)
             Began as a Gnoll Ice Elementalist on Jan 31, 2023.
             Slain by Duvessa
             ... wielding a +0 short sword
              (4 damage)
             ... on level 5 of the Dungeon.
             The game lasted 00:06:40 (4192 turns).

Crownlay the Chiller (Gnoll Ice Elementalist)       Turns: 4192, Time: 00:06:40

Health: -2/51      AC: 10    Str:  8    XL:     7   Next: 30%
Magic:  8/15       EV: 13    Int: 16    God:
Gold:   188        SH:  0    Dex: 12    Spells: 10/17 levels left

rFire   . . .      SeeInvis .    n - +2 mace (holy)
rCold   + . .      Faith    .    (no shield)
rNeg    + . .      Spirit   .    a - +0 robe
rPois   .          Reflect  .    d - +0 helmet
rElec   .          Harm     .    (no cloak)
rCorr   .          Rampage  .    (no gloves)
Will    .....                    (no boots)
Stlth   +++                      (no amulet)
HPRegen 0.28/turn                m - ring of protection from cold
MPRegen 0.14/turn                k - ring of positive energy

@: ice-armoured, freezing walls
A: fangs 1, strong nose, distributed training
a: no special abilities


You were on level 5 of the Dungeon.
You visited 1 branch of the dungeon, and saw 5 of its levels.
You also visited: Ossuary.

You collected 188 gold pieces.

Inventory:

Hand Weapons
 n - a +2 mace of holy wrath (weapon)
 r - a +1 dagger of flaming
Armour
 a - a +0 robe (worn)
 d - a +0 helmet (worn)
Jewellery
 k - a ring of positive energy (right hand)
 m - a ring of protection from cold (left hand)
 C - a ring of resist corrosion
Wands
 v - a wand of flame (23)
 D - a wand of roots (8)
Scrolls
 c - a scroll of immolation {unknown}
 e - 2 scrolls of amnesia {unknown}
 f - 3 scrolls of fog {unknown}
 j - 2 scrolls of fear {unknown}
 o - 3 scrolls of identify {unknown}
 p - a scroll of butterflies {unknown}
 q - 2 scrolls of enchant armour {unknown}
 w - a scroll of poison {unknown}
 x - 3 scrolls of enchant weapon {unknown}
 y - a scroll of brand weapon {unknown}
 z - 2 scrolls of magic mapping {unknown}
 B - 7 scrolls of noise
 E - a scroll of torment {unknown}
Potions
 b - 2 potions of magic
 g - 2 potions of ambrosia {unknown}
 h - 2 potions of curing {unknown}
 i - a potion of resistance {unknown}
 l - a potion of lignification {unknown}
 s - a potion of attraction {unknown}
 t - 2 potions of brilliance {unknown}
 u - 3 potions of heal wounds {unknown}
 A - a potion of flight {unknown}
 F - a potion of berserk rage {unknown}


   Skills:
 + Level 2.5 Fighting
 + Level 2.5 Short Blades
 + Level 2.5 Long Blades
 + Level 2.5 Axes
 + Level 2.5 Maces & Flails
 + Level 2.5 Polearms
 + Level 2.5 Staves
 + Level 2.5 Ranged Weapons
 + Level 2.5 Throwing
 + Level 2.5 Armour
 + Level 5.2 Dodging
 + Level 4.9 Stealth
 + Level 2.5 Shields
 + Level 2.5 Unarmed Combat
 + Level 5.6 Spellcasting
 + Level 2.0 Conjurations
 + Level 2.0 Hexes
 + Level 2.0 Summonings
 + Level 2.0 Necromancy
 + Level 2.0 Translocations
 + Level 2.0 Transmutations
 + Level 2.0 Fire Magic
 + Level 7.4 Ice Magic
 + Level 2.0 Air Magic
 + Level 2.0 Earth Magic
 + Level 2.0 Poison Magic
 + Level 2.8 Invocations
 + Level 2.5 Evocations


You had 10 spell levels left.
You knew the following spells:

 Your Spells              Type           Power      Damage    Failure   Level
a - Freeze                Ice            100%       1d10      1%          1
b - Frozen Ramparts       Ice            56%        1d9       1%          3
c - Ozocubu's Armour      Ice            28%        N/A       1%          3

Your spell library contained the following spells:

 Spells                   Type           Power      Damage    Failure   Level
 Sandblast                Erth           22%        2d7       6%          1
 Slow                     Hex            44%        N/A       6%          1
 Passwall                 Tmut/Erth      9%         N/A       10%         2
 Confusing Touch          Hex            11%        N/A       19%         3
 Stone Arrow              Conj/Erth      22%        3d8       19%         3
 Vampiric Draining        Necr           11%        2d6       19%         3
 Summon Ice Beast         Ice/Summ       19%        N/A       21%         4
 Summon Cactus Giant      Summ           5%         N/A       100%        6
 Dragon's Call            Summ           5%         N/A       100%        9


Dungeon Overview and Level Annotations

Branches:
Dungeon (5/15)            Ossuary (visited)
 Temple: D:4-7

Altars:
Dithmenos
Okawaru
Ru
Sif Muna
Xom

Annotations:
D:5 Duvessa


Innate Abilities, Weirdness & Mutations

You have very sharp teeth.
Your uncanny sense of smell can sniff out nearby items.
Your experience applies equally to all skills.


Message History

You closely miss Duvessa.
Duvessa is heavily wounded.
The wall freezes Dowan!
The wall freezes Duvessa.
Duvessa closely misses you.
The wall freezes Dowan!
Dowan hits you with a +0 dagger.
The wall freezes Duvessa but does no damage.
Duvessa hits you but does no damage.
You closely miss Dowan.
Dowan is severely wounded.
The wall freezes Dowan.
Dowan closely misses you.
The wall freezes Duvessa.
Duvessa hits you with a +0 short sword.
You hit Dowan.
You kill Dowan!
Duvessa screams in rage.
Duvessa goes berserk!
The wall freezes Duvessa.
Duvessa hits you with a +0 short sword!
The wall freezes Duvessa.
Duvessa closely misses you.
You closely miss Duvessa.
Duvessa is severely wounded.
The wall freezes Duvessa.
Duvessa hits you with a +0 short sword!
* * * LOW HITPOINT WARNING * * *
The wall freezes Duvessa.
Duvessa hits you but does no damage.
Casting: Ozocubu's Armour (safe; 1% risk of failure)
Confirm with . or Enter, or press ? or * to list all spells.
Aiming: Freeze (safe; 1% risk of failure)
Press: ? - help, Shift-Dir - straight line, f - Duvessa
Aim: Duvessa, wielding a +0 short sword and wearing a +0 leather armour (severely wounded, berserk)
You freeze Duvessa.
Duvessa is almost dead.
The wall freezes Duvessa.
Duvessa hits you but does no damage.
Casting: Freeze (safe; 1% risk of failure)
Confirm with . or Enter, or press ? or * to list all spells.
Aiming: Freeze (safe; 1% risk of failure)
Press: ? - help, Shift-Dir - straight line, f/p - Duvessa
Aim: Duvessa, wielding a +0 short sword and wearing a +0 leather armour (almost dead, berserk)
You freeze Duvessa.
Duvessa is almost dead.
The wall freezes Duvessa.
Duvessa hits you with a +0 short sword!
* * * LOW HITPOINT WARNING * * *
The wall freezes Duvessa.
Duvessa hits you with a +0 short sword.
You die...

#.#.#.# .# #.#.#.#
.# ## #.#.#.# .# .#
#.#.#.# .# .#
#.#.#.# .# .###
#.#.#.###.# <..#
#.#.....e.######
.###
##+#......)@......#
.#
∆#......#.########.#
.# #......#......g
.# #.#......#.(.....
.#
#.##.....#........#
.#
#.##(#####........#
.#
#.##.#####........#+
.#
#.##....##..........
.#
#.#####'##..........


You could see Duvessa (berserk).

Vanquished Creatures
  An elf zombie (D:4)
  An elf skeleton (D:4)
  Dowan (D:5)
  A howler monkey (D:4)
  3 centaur zombies (Ossuary)
  A human zombie (Ossuary)
  A scorpion zombie (D:3)
  A human skeleton (D:4)
  3 mummies (Ossuary)
  3 gnolls (D:5)
  2 adders
  An ufetubus (D:4)
  2 adder skeletons (D:3)
  2 worms (D:2)
  4 orcs (D:3)
  8 endoplasms
  3 giant cockroaches (D:1)
  3 goblins
  7 hobgoblins
  5 jackals
  4 quokkas
  5 ball pythons
  A ball python zombie (D:3)
  5 bats
  A frilled lizard (D:3)
  A hobgoblin zombie (Ossuary)
  8 kobolds
  A kobold zombie (Ossuary)
  2 orc skeletons (D:4)
  3 orc zombies
  4 rats
88 creatures vanquished.

Vanquished Creatures (others)
  A withered plant (D:3)
1 creature vanquished.

Grand Total: 89 creatures vanquished

Notes
Turn   | Place    | Note
-------+----------+-------------------------------------------
     0 | D:1      | Crownlay the Gnoll Ice Elementalist began the quest for the
                  | Orb.
     0 | D:1      | Reached XP level 1. HP: 13/13 MP: 6/6
   268 | D:1      | You fall into a shaft and drop 1 floor!
   339 | D:1      | Reached XP level 2. HP: 19/19 MP: 5/7
   567 | D:1      | Reached skill level 5 in Spellcasting
   567 | D:1      | Reached XP level 3. HP: 25/25 MP: 4/9
   572 | D:1      | Learned a level 3 spell: Frozen Ramparts
   576 | D:1      | Learned a level 3 spell: Ozocubu's Armour
  1357 | D:1      | Reached skill level 1 in Invocations
  1592 | D:2      | Got the Incunabulum of Ashen Command
  1958 | D:2      | Found a faded altar of an unknown god.
  1987 | D:2      | Reached skill level 1 in Fighting
  1987 | D:2      | Reached skill level 1 in Short Blades
  1987 | D:2      | Reached skill level 1 in Long Blades
  1987 | D:2      | Reached skill level 1 in Axes
  1987 | D:2      | Reached skill level 1 in Maces & Flails
  1987 | D:2      | Reached skill level 1 in Polearms
  1987 | D:2      | Reached skill level 1 in Staves
  1987 | D:2      | Reached skill level 1 in Ranged Weapons
  1987 | D:2      | Reached skill level 1 in Throwing
  1987 | D:2      | Reached skill level 1 in Armour
  1987 | D:2      | Reached skill level 1 in Shields
  1987 | D:2      | Reached skill level 1 in Unarmed Combat
  1987 | D:2      | Reached skill level 1 in Evocations
  1990 | D:2      | Reached XP level 4. HP: 32/32 MP: 2/11
  2438 | D:3      | Reached skill level 1 in Conjurations
  2438 | D:3      | Reached skill level 1 in Hexes
  2438 | D:3      | Reached skill level 1 in Summonings
  2438 | D:3      | Reached skill level 1 in Necromancy
  2438 | D:3      | Reached skill level 1 in Translocations
  2438 | D:3      | Reached skill level 1 in Transmutations
  2438 | D:3      | Reached skill level 1 in Fire Magic
  2438 | D:3      | Reached skill level 1 in Air Magic
  2438 | D:3      | Reached skill level 1 in Earth Magic
  2438 | D:3      | Reached skill level 1 in Poison Magic
  2743 | D:4      | Reached XP level 5. HP: 37/37 MP: 8/12
  2868 | D:4      | Found a sand-covered staircase.
  2966 | Ossuary  | Entered an ossuary
  3145 | Ossuary  | Reached XP level 6. HP: 32/44 MP: 14/14
  3155 | Ossuary  | Reached skill level 5 in Dodging
  3576 | D:4      | Found a shimmering blue altar of Sif Muna.
  3625 | D:4      | Found a shimmering altar of Xom.
  3625 | D:4      | Found an iron altar of Okawaru.
  3626 | D:4      | Found a sacrificial altar of Ru.
  3629 | D:4      | Found a shadowy altar of Dithmenos.
  3666 | D:4      | Reached XP level 7. HP: 39/51 MP: 8/15
  4014 | D:5      | Entered Level 5 of the Dungeon
  4177 | D:5      | Noticed Dowan
  4183 | D:5      | Noticed Duvessa
  4189 | D:5      | Killed Dowan
  4192 | D:5      | HP: 2/51 [Duvessa/+0 short sword (14)]
  4192 | D:5      | Slain by Duvessa

Illustrated notes

Levels and vault maps discovered:
D:1:      ncdulo_smallfort, layout_basic, minmay_ruptured
D:2:      minmay_general_purpose_star, layout_loops_ring,
          hellmonk_ecumenical_altar_inner_sanctum, minivault_4
D:3:      minmay_evil_eye, layout_rooms, serial_undead, serial_undead_c,
          serial_undead_c, serial_undead_a, serial_undead_a
D:4:      layout_cave_pools, mainiacjoe_overflow_paths, minitemple,
          nicolae_ossuary_entry_catacombs
D:5:      layout_basic, mainiacjoe_overflow_catwalk, lightli_corner_chamber,
          uniq_duvessa

Skill      XL: |  1  2  3  4  5  6  7 |
---------------+----------------------+-----
Spellcasting   | 5 |  5.6
Invocations    | 1 2 |  2.8
Fighting       | 1 2 |  2.5
Short Blades   | 1 2 |  2.5
Long Blades    | 1 2 |  2.5
Axes           | 1 2 |  2.5
Maces & Flails | 1 2 |  2.5
Polearms       | 1 2 |  2.5
Staves         | 1 2 |  2.5
Ranged Weapons | 1 2 |  2.5
Throwing       | 1 2 |  2.5
Armour         | 1 2 |  2.5
Shields        | 1 2 |  2.5
Unarmed Combat | 1 2 |  2.5
Evocations     | 1 2 |  2.5
Conjurations   | 1 2 |  2.0
Hexes          | 1 2 |  2.0
Summonings     | 1 2 |  2.0
Necromancy     | 1 2 |  2.0
Translocations | 1 2 |  2.0
Transmutations | 1 2 |  2.0
Fire Magic     | 1 2 |  2.0
Air Magic      | 1 2 |  2.0
Earth Magic    | 1 2 |  2.0
Poison Magic   | 1 2 |  2.0
Dodging        | 5 |  5.2
Stealth        | |  4.9
Ice Magic      | |  7.4

Action                     |  1- 3 |  4- 6 |  7- 9 || total
---------------------------+-------+-------+-------++-------
  Melee: Unarmed           |    11 |       |       ||    11
         Bite              |     1 |    16 |     2 ||    19
         Mace              |     3 |   122 |    15 ||   140
         Punch             |       |     2 |       ||     2
   Cast: Freeze            |    45 |     6 |     2 ||    53
         Frozen Ramparts   |     1 |     7 |     4 ||    12
         Ozocubu's Armour  |     1 |     5 |     4 ||    10
   Stab: Sleeping          |     2 |    15 |       ||    17
 Armour: Robe              |     6 |    25 |     9 ||    40
  Dodge: Dodged            |    35 |    86 |    11 ||   132

Table legend: (Time is in decaauts)
 A = Elapsed time spent in this place.
 B = Non-inter-level travel time spent in this place.
 C = Inter-level travel time spent in this place.
 D = Time resting spent in this place.
 E = Time spent auto-exploring this place.
 F = Levels seen in this place.
 G = Mean time per level.
                   A        B        C        D        E       F      G
               +--------+--------+--------+--------+--------+-----+--------+
         Total |   4234 |   4047 |    187 |     87 |   3048 |   6 |  705.7 |
       Dungeon |   3797 |   3610 |    187 |     87 |   2854 |   5 |  759.4 |
       Ossuary |    437 |    437 |      0 |      0 |    194 |   1 |  437.0 |
               +--------+--------+--------+--------+--------+-----+--------+

Top non-repeatable levels by time:
     D:1: 1375 daAuts
     D:4: 886 daAuts
     D:2: 793 daAuts
     D:3: 563 daAuts
 Ossuary: 437 daAuts
     D:5: 179 daAuts
